 Dungeon Crawl Stone Soup version 0.25.0-26-g0c896c7088 (webtiles) character file.

Game seed: 1614998555361352447

428 protoss039 the Sneak (level 6, 0/35 HPs)
             Began as a Vampire Enchanter on July 4, 2020.
             Killed by divine providence
             ... invoked by an orc priest
              (9 damage)
             ... on level 4 of the Dungeon.
             The game lasted 00:10:48 (4707 turns).

protoss039 the Sneak (Vampire Enchanter)            Turns: 4707, Time: 00:10:48

Health: 0/35       AC:  2    Str:  7    XL:     6   Next: 65%
Magic:  8/20       EV: 13    Int: 18    God:
Gold:   178        SH:  0    Dex: 16    Spells: 2/11 levels left

rFire    . . .     SeeInvis +   a - +1 dagger
rCold    + + .     Gourm    .   (no shield)
rNeg     + + +     Faith    .   b - +0 robe
rPois    ∞         Spirit   .   (no helmet)
rElec    .         Reflect  .   (no cloak)
rCorr    .         Harm     .   (no gloves)
MR       .....                  (no boots)
Stlth    ++++++....             (no amulet)
HPRegen  0.00/turn              e - ring of magical power
MPRegen  0.17/turn              (no ring)

@: bloodless
A: no food, fangs 3, see invisible, unbreathing
a: Bat Form, Revivify


You were on level 4 of the Dungeon.
You were bloodless.

You visited 1 branch of the dungeon, and saw 4 of its levels.

You collected 178 gold pieces.

Inventory:

Hand Weapons
 a - a +1 dagger (weapon)
Missiles
 k - 29 poisoned darts (quivered)
Armour
 b - a +0 robe (worn)
Jewellery
 e - a ring of magical power (left hand)
Wands
 l - a wand of paralysis (11)
Scrolls
 g - 6 scrolls of identify {unknown}
 h - 12 scrolls of remove curse {unknown}
 m - a scroll of fog {unknown}
 n - 2 scrolls of enchant weapon {unknown}
 p - 2 scrolls of teleportation {unknown}
 q - a scroll of noise {unknown}
 r - 2 scrolls of blinking {unknown}
 t - a scroll of amnesia {unknown}
 u - a scroll of random uselessness {unknown}
Potions
 c - 2 potions of magic {unknown}
 d - 4 potions of heal wounds
 f - 2 potions of stabbing {unknown}
 i - a potion of lignification {unknown}
 j - a potion of curing {unknown}
 o - a potion of resistance {unknown}
 s - a potion of might {unknown}


   Skills:
 + Level 1.7 Fighting
 + Level 2.6 Short Blades
 + Level 2.9 Dodging
 + Level 6.8 Stealth
 + Level 3.3 Spellcasting
 + Level 6.5 Hexes
 + Level 1.0 Ice Magic


You had 2 spell levels left.
You knew the following spells:

 Your Spells              Type           Power        Failure   Level  Hunger
a - Corona                Hex            ####...      1%          1    N/A
b - Confusing Touch       Hex            ####....     3%          3    N/A
c - Ensorcelled Hibernat  Hex/Ice        ###...       4%          2    N/A
d - Tukima's Dance        Hex            ####....     3%          3    N/A

Your spell library contained the following spells:

 Spells                   Type           Power        Failure   Level  Hunger
 Dazzling Flash           Conj/Hex       ##....       12%         3    N/A

Dungeon Overview and Level Annotations

Branches:
Dungeon (4/15)
 Temple: D:4-7

Altars:
Ru

Annotations:
D:3 1 exclusion


Innate Abilities, Weirdness & Mutations

You do not eat.
You do not regenerate when monsters are visible.
You are frail without blood (-20% HP).
You can heal yourself when you bite living creatures.
You are immune to poison.
You have razor-sharp teeth.
You have supernaturally acute eyesight. (SInv)
You can survive without breathing.


Message History

Press: ? - help, Shift-Dir - straight line, f/p - orc priest
Aim: an orc priest, wearing a +0 scale mail (lightly wounded, chance to defeat MR: 47%)
The orc priest looks drowsy...
The helpless orc priest fails to defend itself.
You bite the orc priest, and draw its blood!
You feel better.
You perforate the orc priest like a sieve!!!
You kill the orc priest!
Your Ice Magic skill increases to level 1!
Unknown command.
Unknown command.
Casting: Ensorcelled Hibernation (safe; 4% risk of failure)
Confirm with . or Enter, or press ? or * to list all spells.
Aiming: Ensorcelled Hibernation (safe; 4% risk of failure)
Press: ? - help, Shift-Dir - straight line, f - orc priest
Aim: an orc priest, wearing a +3 leather armour (chance to defeat MR: 47%)
The orc priest resists with some effort.
The orc priest mumbles some strange prayers to Beogh against you.
Beogh smites you!
You die...

...............#
...(...........#
...............#
...............#
...............#
.####..........# .#
#..........# .#
#..........########
..
+...........@oa...#
##
#..........####.###
#..........# .a.
#..........# ####
############


You could see a worker ant and an orc priest.

Vanquished Creatures
  A phantom (D:4)
  A crimson imp (D:3)
  A hound (D:4)
  3 orc wizards (D:4)
  An orc priest (D:4)
  3 hound skeletons (D:4)
  4 adders
  2 oozes
  4 worms
  2 dart slugs (D:1)
  4 orcs
  A ball python (D:2)
  5 bats
  5 giant cockroaches
  7 goblins
  2 hobgoblins (D:2)
  8 kobolds
  A quokka (D:2)
  2 frilled lizards
  11 rats
68 creatures vanquished.

Notes
Turn   | Place    | Note
-------+----------+-------------------------------------------
     0 | D:1      | protoss039 the Vampire Enchanter began the quest for the
                  | Orb.
     0 | D:1      | Reached XP level 1. HP: 13/13 MP: 3/3
   276 | D:1      | Reached XP level 2. HP: 19/19 MP: 5/5
   363 | D:1      | Reached skill level 5 in Hexes
  1009 | D:2      | Reached XP level 3. HP: 22/24 MP: 3/6
  1060 | D:2      | Reached skill level 5 in Stealth
  1952 | D:2      | Reached XP level 4. HP: 10/24 MP: 5/7
  1962 | D:2      | Learned a level 3 spell: Confusing Touch
  1965 | D:2      | Learned a level 2 spell: Ensorcelled Hibernation
  2617 | D:3      | Found a sacrificial altar of Ru.
  2929 | D:3      | HP: 1/24 [adder (3)]
  3147 | D:3      | Reached XP level 5. HP: 28/28 MP: 8/8
  3159 | D:3      | Learned a level 3 spell: Tukima's Dance
  3825 | D:4      | Reached skill level 1 in Fighting
  4199 | D:4      | Noticed a phantom
  4594 | D:4      | Killed a phantom
  4594 | D:4      | Reached XP level 6. HP: 32/34 MP: 5/10
  4706 | D:4      | Reached skill level 1 in Ice Magic
  4707 | D:4      | Killed from afar by an orc priest

Illustrated notes

Levels and vault maps discovered:
D:1:      dpeg_arrival_court, layout_loops_ring
D:2:      layout_basic
D:3:      layout_loops_ring, nicolae_ru_sacrificial_ziggurat
D:4:      layout_basic, serial_bayou_lagoon_a, minmay_misc_feat_tower

Skill      XL: |  1  2  3  4  5  6 |
---------------+-------------------+-----
Hexes          | 5 6 |  6.5
Stealth        | 5 6 |  6.8
Short Blades   | 2 |  2.6
Fighting       | 1 |  1.7
Spellcasting   | 3 |  3.3
Ice Magic      | 1 |  1.0
Dodging        | |  2.9

Action                   |  1- 3 |  4- 6 || total
-------------------------+-------+-------++-------
Melee: Dagger            |   121 |   133 ||   254
       Bite              |    10 |    12 ||    22
 Cast: Corona            |    20 |    32 ||    52
       Ensorcelled Hiber |       |    15 ||    15
       Confusing Touch   |       |     3 ||     3
 Abil: Exsanguinate      |     1 |       ||     1
  Use: Potion            |       |     1 ||     1
 Stab: Sleeping          |     9 |    19 ||    28
       Confused          |       |     2 ||     2
Armor: Robe              |    15 |    12 ||    27
Dodge: Dodged            |    73 |    87 ||   160
